 Dungeon Crawl Stone Soup version 0.28-a0-384-g9e0c098162 (webtiles) character file.

Game seed: 9078812289124888618

70 robertstho the Magician (level 4, 0/31 HPs)
             Began as a Djinni Fire Elementalist on Sept 2, 2021.
             Slain by a goblin (2 damage)
             ... on level 2 of the Dungeon.
             The game lasted 00:02:32 (2199 turns).

robertstho the Magician (Djinni Fire Elementalist)  Turns: 2199, Time: 00:02:33

Health: 0/31       AC:  3    Str:  7    XL:     4   Next: 44%
Gold:   39         EV: 12    Int: 17    God:
                   SH:  0    Dex: 14

rFire   + + +      SeeInvis .   d - staff of fire
rCold   x . .      Faith    .   (no shield)
rNeg    . . .      Spirit   .   a - +0 robe
rPois   ∞          Reflect  .   (no helmet)
rElec   .          Harm     .   b - +0 cloak
rCorr   .          Rampage  .   (no gloves)
Will    .....                   (boots unavailable)
Stlth   ++........              (no amulet)
HPRegen 0.10/turn               (no ring)
MPRegen 0.00/turn               (no ring)

@: flying
A: sickness immunity, fire resistance 2, cold vulnerability 1, float, innate
caster, hp casting, extra vitality 1
a: no special abilities


You were on level 2 of the Dungeon.
You visited 1 branch of the dungeon, and saw 2 of its levels.

You collected 39 gold pieces.

Inventory:

Hand Weapons
 c - a +0 short sword
Armour
 a - a +0 robe (worn)
 b - a +0 cloak (worn)
Magical Staves
 d - a staff of fire (weapon)
Scrolls
 e - a scroll of identify {unknown}
 f - a scroll of noise {unknown}


   Skills:
 * Level 0.7 Fighting
 + Level 2.3 Dodging
 + Level 2.0 Stealth
 * Level 3.5 Spellcasting


You couldn't memorise any spells.
You knew the following spells:

 Your Spells              Type           Power      Damage    Failure   Level
a - Foxfire               Conj/Fire      88%        2x1d8     3%          1
b - Scorch                Fire           44%        2d7       6%          2
c - Conjure Flame         Conj/Fire      22%        6-21      12%         3
d - Inner Flame           Hex/Fire       22%        N/A       12%         3
e - Sticky Flame          Conj/Fire      22%        2d4       36%         4
f - Fireball              Conj/Fire      11%        3d7       71%         5
g - Freeze                Ice            60%        1d8       3%          1
Your spell library was empty.

Dungeon Overview and Level Annotations

Branches:
Dungeon (2/15)

Altars:

Annotations:
D:2 Terence


Innate Abilities, Weirdness & Mutations

You are immune to sickness and miasma.
You are immune to poison.
Your flesh is very heat resistant. (rF++)
You are vulnerable to cold. (rC-)
You float through the air rather than walking.
You learn spells naturally, not from books.
Your magical power is your life essence.
You have superior vitality. (+4 HP)


Message History

The foxfire hits Terence but does no damage.
Terence is severely wounded.
Terence hits you with a +0 mace!
* * * LOW HITPOINT WARNING * * *
Unknown command.
Casting: Inner Flame (quite dangerous; 12% risk of failure)
Confirm with . or Enter, or press ? or * to list all spells.
The spell is quite dangerous to cast (12% risk of failure)!
Continue anyway?
Aiming: Inner Flame (quite dangerous; 12% risk of failure)
Press: ? - help, Shift-Dir - straight line, f/p - Terence
Aim: Terence, wielding a +0 mace and wearing a +0 scale mail (severely wounded, chance to affect: 84%)
You feel a surge of power!
Terence is filled with an inner flame.
* * * LOW HITPOINT WARNING * * *
Terence closely misses you.
There is a stone staircase leading up here.
Okay, then.
You aren't carrying any potions.
Unknown command.
You see here a worm corpse.
A goblin comes into view. It is wielding a +0 club.
You see here a +0 dagger.
The goblin shouts!
Things that are here:
a +0 club; a goblin corpse The goblin hits you but does no damage.
The goblin hits you but does no damage.
A goblin comes into view. It is wielding a +0 club.
Found 2 gold pieces.
Terence's inner flame fades away.
Terence shouts, "Now you die!"
You see here an adder skeleton.
You barely miss the goblin. Terence completely misses you.
The goblin hits you with a +0 club.
* * * LOW HITPOINT WARNING * * *
The goblin hits you with a +0 club.
* * * LOW HITPOINT WARNING * * *
The goblin hits you with a +0 club.
* * * LOW HITPOINT WARNING * * *
The goblin hits you with a +0 club.
You die...

.....##....))..†.<.†††#
..........#######..####
.#####.### #..## #.#
##..# #.# #..## #.#
#..# #.## #..#
#..######.##
####......g@#
#...#.###.g@#
#$..#.#?#.#÷#
#.....###..<#
#...........#
####.....#.##
#####..... ###.....
.......


You could see Terence and 2 goblins.

Vanquished Creatures
  2 adders (D:2)
  A worm (D:2)
  A dart slug (D:1)
  5 endoplasms
  2 giant cockroaches (D:1)
  5 goblins
  A hobgoblin (D:1)
  4 jackals (D:2)
  3 quokkas (D:1)
  5 ball pythons
  2 bats (D:1)
  3 frilled lizards (D:1)
  4 kobolds (D:1)
  5 rats (D:1)
43 creatures vanquished.

Vanquished Creatures (collateral kills)
  12 foxfires (D:1)
12 creatures vanquished.

Vanquished Creatures (others)
  186 foxfires
186 creatures vanquished.

Grand Total: 241 creatures vanquished

Notes
Turn   | Place    | Note
-------+----------+-------------------------------------------
     0 | D:1      | robertstho the Djinni Fire Elementalist began the quest for
                  | the Orb.
     0 | D:1      | Reached XP level 1. HP: 15/15 MP: 0/0
   511 | D:1      | Reached XP level 2. HP: 17/21 MP: 0/0
  1134 | D:1      | Reached skill level 3 in Spellcasting
  1192 | D:1      | Reached XP level 3. HP: 26/26 MP: 0/0
  1192 | D:1      | Learned a level 1 spell: Freeze
  1974 | D:2      | Reached XP level 4. HP: 26/31 MP: 0/0
  2153 | D:2      | Noticed Terence
  2199 | D:2      | Slain by a goblin

Illustrated notes

Levels and vault maps discovered:
D:1:      minmay_arrival_hallway, layout_loops_ring, serial_bayou_ford_a,
          kennysheep_minor_cross, grunt_decor_junction, minivault_25
D:2:      layout_rooms, item_on_display_a, uniq_terence, uniq_jessica

Skill      XL: |  1  2  3 |
---------------+----------+-----
Spellcasting   | 3 |  3.5
Stealth        | 2 |  2.0
Fighting       | |  0.7
Dodging        | |  2.3

Action                   |  1- 3 |  4- 6 || total
-------------------------+-------+-------++-------
Melee: Staff             |       |     1 ||     1
 Cast: Foxfire           |    86 |    27 ||   113
       Inner Flame       |       |     2 ||     2
  Use: Scroll            |     1 |       ||     1
Armor: Robe              |     1 |     2 ||     3
Dodge: Dodged            |     9 |     2 ||    11

Table legend: (Time is in decaauts)
 A = Elapsed time spent in this place.
 B = Non-inter-level travel time spent in this place.
 C = Inter-level travel time spent in this place.
 D = Time resting spent in this place.
 E = Time spent auto-exploring this place.
 F = Levels seen in this place.
 G = Mean time per level.
                   A        B        C        D        E       F      G
               +--------+--------+--------+--------+--------+-----+--------+
         Total |   2197 |   2188 |      9 |      0 |   1897 |   2 | 1098.5 |
       Dungeon |   2197 |   2188 |      9 |      0 |   1897 |   2 | 1098.5 |
               +--------+--------+--------+--------+--------+-----+--------+

Top non-repeatable levels by time:
     D:1: 1917 daAuts
     D:2: 280 daAuts
